 Dungeon Crawl Stone Soup version 0.26.1-2-gb8aa6d0cf2 (webtiles) character file.

Game seed: 12625605049867576518

308 FishyPogo the Changer (level 6, 0/43 HPs)
             Began as a Demonspawn Transmuter on Feb 24, 2021.
             Killed from afar by a white imp (5 damage)
             ... with a puff of frost
             ... on level 4 of the Dungeon.
             The game lasted 00:16:07 (5464 turns).

FishyPogo the Changer (Demonspawn Transmuter)       Turns: 5464, Time: 00:16:08

Health: 0/43       AC:  2    Str: 10    XL:     6   Next: 16%
Magic:  0/10       EV: 12    Int: 16    God:
Gold:   269        SH:  0    Dex: 14    Spells: 4/10 levels left

rFire    + . .     SeeInvis .     - Unarmed
rCold    . . .     Faith    .   (no shield)
rNeg     + . .     Spirit   +   g - +0 robe {rN+}
rPois    .         Reflect  .   (helmet currently unavailable)
rElec    .         Harm     .   (no cloak)
rCorr    .         Rampage  .   (no gloves)
Will     .....                  (boots currently unavailable)
Stlth    +.........             (no amulet)
HPRegen  0.14/turn              (no ring)
MPRegen  0.12/turn              (no ring)

@: appendages
A: horns 2, talons 1, fire resistance 1, mutation resistance 1, magic shield
a: End Transformation


You were on level 4 of the Dungeon.
You had grown temporary horns.
You visited 1 branch of the dungeon, and saw 4 of its levels.

You collected 269 gold pieces.

Inventory:

Missiles
 i - 127 stones
 k - 3 boomerangs
 t - 21 poisoned darts
Armour
 g - a +0 robe of positive energy (worn)
 s - a +0 pair of boots (melded)
Magical Staves
 f - an uncursed staff of air
Scrolls
 b - a scroll of identify
 e - 2 scrolls of teleportation
 o - a scroll of immolation
 r - a scroll of blinking
Potions
 a - a potion of might {unknown}
 c - a potion of flight {unknown}
 d - a potion of lignification {unknown}
 h - a potion of mutation
 j - 2 potions of attraction {unknown}
 n - 2 potions of cancellation {unknown}
 p - 4 potions of curing {unknown}
 u - 2 potions of berserk rage {unknown}


   Skills:
 - Level 1.0 Fighting
 - Level 1.7 Dodging
 - Level 3.0 Unarmed Combat
 + Level 2.7 Spellcasting
 * Level 5.5 Transmutations


You had 4 spell levels left.
You knew the following spells:

 Your Spells              Type           Power        Failure   Level
l - Spider Form           Tmut/Pois      5%           19%         3
u - Wereblood             Tmut           19%          3%          2
y - Beastly Appendage     Tmut           38%          1%          1

Your spell library contained the following spells:

 Spells                   Type           Power        Failure   Level
 Confusing Touch          Hex            2%           50%         3
 Gell's Gravitas          Tloc           1%           50%         3
 Ice Form                 Ice/Tmut       11%          52%         4
 Petrify                  Tmut/Erth      11%          52%         4
 Blade Hands              Tmut           9%           50%         5
 Yara's Violent Unravell  Hex/Tmut       5%           86%         5
 Metabolic Englaciation   Hex/Ice        1%           99%         5


Dungeon Overview and Level Annotations

Branches:
Dungeon (4/15)
 Temple: D:4-7

Altars:
Fedhas

Annotations:
D:2 1 runed translucent door, Crazy Yiuf


Innate Abilities, Weirdness & Mutations

You have sharp toenails.
Your flesh is heat resistant. (rF+)
When hurt, damage is shared between your health and your magic reserves.
You have a pair of horns on your head.
You are somewhat resistant to further mutation.


Message History

You grow a pair of large bovine horns.
Your +0 pair of boots melds into your body.
The white imp completely misses you.
You completely miss the white imp.
The white imp is moderately wounded.
The white imp hits you. The white imp freezes you.
You hit the white imp. Your kick misses the white imp.
The white imp is severely wounded.
The white imp gestures at you. The puff of frost misses you.
You hit the white imp.
The white imp is almost dead.
The white imp gestures at you. The puff of frost hits you!
* * * LOW HITPOINT WARNING * * *
You closely miss the white imp.
The white imp is almost dead.
The white imp gestures at you. The puff of frost hits you.
You die...

#####.###.# #.#.#
........#.# #.#.#
......#.#.####.#.#
........#.#....#.#
.....####.#.#....##
..................#
.....####.#†#.##.##
...<.# #.#.#.##.#
.....##*#.#.#.##@#
........#.#...##5#
#######.#.######.#
*,,....#####.#
****#........#
*#.#***### #.#
######.# #......#


You could see a white imp.

Vanquished Creatures
  An ogre (D:4)
  An orc wizard (D:3)
  Jessica (D:2)
  A worker ant (D:4)
  A hound skeleton (D:4)
  5 adders
  4 worms (D:3)
  5 leopard geckos
  11 orcs
  7 giant cockroaches
  5 goblins
  3 hobgoblins
  3 jackals
  2 quokkas
  A ball python (D:4)
  3 bats
  3 frilled lizards
  7 kobolds
  A leopard gecko skeleton (D:4)
  8 rats
73 creatures vanquished.

Notes
Turn   | Place    | Note
-------+----------+-------------------------------------------
     0 | D:1      | FishyPogo the Demonspawn Transmuter began the quest for the
                  | Orb.
     0 | D:1      | Reached XP level 1. HP: 15/15 MP: 3/3
   385 | D:1      | Reached skill level 2 in Transmutations
   993 | D:2      | Mutation became permanent: You have sharp toenails.
                  | [demonic ancestry]
   993 | D:2      | Gained mutation: You have razor-sharp toenails. [demonic
                  | ancestry]
   993 | D:2      | Reached XP level 2. HP: 21/21 MP: 3/5
  1084 | D:2      | Found a runed translucent door.
  1085 | D:2      | Noticed Crazy Yiuf
  1227 | D:2      | Found a blossoming altar of Fedhas.
  1528 | D:2      | Noticed Jessica
  1543 | D:2      | Killed Jessica
  1544 | D:2      | Reached skill level 3 in Transmutations
  1544 | D:2      | Reached XP level 3. HP: 14/26 MP: 6/6
  1551 | D:2      | Learned a level 2 spell: Wereblood
  1555 | D:2      | Learned a level 3 spell: Spider Form
  2249 | D:3      | You fall into a shaft and drop 1 floor!
  2438 | D:3      | Reached XP level 4. HP: 16/32 MP: 7/7
  2449 | D:3      | Reached skill level 4 in Transmutations
  2451 | D:3      | HP: 1/32 [orc/+0 falchion (3)]
  2874 | D:3      | Gained mutation: Your flesh is heat resistant. (rF+)
                  | [demonic ancestry]
  2874 | D:3      | Reached XP level 5. HP: 37/37 MP: 8/8
  2928 | D:3      | Gained mutation: You are somewhat resistant to further
                  | mutation. [potion of mutation]
  4373 | D:4      | Noticed an ogre
  4420 | D:4      | Killed an ogre
  4421 | D:4      | Reached skill level 5 in Transmutations
  4421 | D:4      | Gained mutation: When hurt, damage is shared between your
                  | health and your magic reserves. [demonic ancestry]
  4421 | D:4      | Reached XP level 6. HP: 27/43 MP: 6/9
  5464 | D:4      | Killed from afar by a white imp

Illustrated notes

Levels and vault maps discovered:
D:1:      sevenhm_arrival_forest_fort_small_5, layout_basic
D:2:      cheibrodos_old_hovel, layout_basic, fedhas_altar_fruit_tree,
          uniq_jessica, uniq_crazy_yiuf_cottage
D:3:      layout_basic, kennysheep_cross_bottleneck
D:4:      layout_basic, cheibrodos_sewer_entry_bend, minmay_quantized

Skill      XL: |  1  2  3  4  5 |
---------------+----------------+-----
Transmutations | 2 3 4 5 |  5.5
Unarmed Combat | 3 |  3.0
Fighting       | |  1.0
Dodging        | |  1.7
Spellcasting   | |  2.7

Action                   |  1- 3 |  4- 6 || total
-------------------------+-------+-------++-------
Melee: Unarmed           |   108 |   178 ||   286
       Kick              |    28 |    27 ||    55
       Headbutt          |    11 |    21 ||    32
       Punch             |       |     2 ||     2
 Cast: Beastly Appendage |    22 |    27 ||    49
       Wereblood         |     1 |     3 ||     4
       Spider Form       |       |     1 ||     1
  Use: Scroll            |     8 |     3 ||    11
       Potion            |       |     3 ||     3
Armor: Robe              |    18 |    23 ||    41
Dodge: Dodged            |    65 |    87 ||   152
